 Dungeon Crawl Stone Soup version 0.32-a0-834-geaf45d8e21 (webtiles) character file.

Game seed: 7212078466646475186

21 pokeman the Magician (level 2, 0/16 HPs)
             Began as a Deep Elf Hedge Wizard on Mar 25, 2024.
             Slain by a ribbon worm (4 damage)
             ... on level 2 of the Dungeon.
             The game lasted 00:02:49 (1502 turns).

pokeman the Magician (Deep Elf Hedge Wizard)        Turns: 1502, Time: 00:02:50

Health: 0/16       AC:  2    Str:  7    XL:     2   Next: 62%
Magic:  9/9        EV: 12    Int: 18    God:
Gold:   90         SH:  0    Dex: 20    Spells: 9/10 levels left

rFire   . . .        i - +1 whip (vamp)
rCold   . . .        (no shield)
rNeg    . . .        b - +0 robe
rPois   .            c - +0 hat
rElec   .            (no cloak)
rCorr   .            (no gloves)
SInv    .            (no boots)
Will    .....        (no amulet)
Stlth   ++           g - +6 ring of dexterity
HPRegen 0.22/turn    (no ring)
MPRegen 0.11/turn

%: no passive effects
@: no status effects
A: no striking features
a: no special abilities


You were on level 2 of the Dungeon.
You visited 1 branch of the dungeon, and saw 2 of its levels.

You collected 90 gold pieces.

Inventory:

Hand Weapons
 i - a +1 vampiric whip (weapon)
Armour
 b - a +0 robe (worn)
 c - a +0 hat (worn)
Jewellery
 g - a +6 ring of dexterity (left hand)
Scrolls
 a - a scroll of vulnerability {unknown}
 e - a scroll of revelation {unknown}
 f - 2 scrolls of teleportation {unknown}
 h - a scroll of enchant weapon {unknown}
 j - a scroll of identify {unknown}
Potions
 d - a potion of magic
 k - a potion of lignification {unknown}
 l - a potion of enlightenment {unknown}


   Skills:
 + Level 0.5 Fighting
 + Level 0.5 Armour
 - Level 2.4 Dodging
 - Level 2.4 Stealth
 * Level 4.9 Spellcasting
 + Level 1.5 Conjurations
 - Level 1.1 Summonings
 - Level 1.1 Translocations


You had 9 spell levels left.
You knew the following spells:

 Your Spells              Type           Power      Damage    Failure   Level
a - Magic Dart            Conj           40%        1d5       7%          1

Your spell library contained the following spells:

 Spells                   Type           Power      Damage    Failure   Level
 Blink                    Tloc           16%        N/A       13%         2
 Call Imp                 Summ           16%        N/A       13%         2
 Slow                     Hex            16%        N/A       14%         1
 Cigotuvi's Dreadful Rot  Necr/Alch/Air  8%         N/A       21%         2
 Mephitic Cloud           Conj/Alch/Air  6%         N/A       32%         3


Dungeon Overview and Level Annotations

Branches:
Dungeon (2/15)

Altars:

Shops:
D:1 (

Annotations:
D:2 Natasha


Message History

You see here a ribbon worm corpse.
HP restored.
A ribbon worm and a hobgoblin come into view.
Found a stone staircase leading down.
The ribbon worm expels a string of sticky webbing.
The stream of webbing hits you but does no damage.
You are caught in a web!
There is a web here.
The web tears apart.
The hobgoblin shouts!
You hear an angry hiss.
You hear a bark!
A jackal comes into view. x2
The ribbon worm bites you but does no damage.
You barely miss the ribbon worm.
Natasha, Servant of Life and Death comes into view.
The ribbon worm misses you.
You hit the ribbon worm.
The ribbon worm is lightly wounded.
Natasha mumbles some strange words.
The ribbon worm bites you but does no damage.
You hit the ribbon worm.
The ribbon worm is moderately wounded.
The ribbon worm expels a string of sticky webbing.
The stream of webbing hits you but does no damage.
You are caught in a web!
You struggle to detach yourself from the web.
The ribbon worm bites you!
The web tears apart.
The jackal barks!
You hit the ribbon worm.
You feel better.
The ribbon worm is heavily wounded.
The ribbon worm expels a string of sticky webbing.
The stream of webbing hits you but does no damage.
You are caught in a web!
The web tears apart.
The ribbon worm bites you!
Ouch! That really hurt!
* * * LOW HITPOINT WARNING * * *
You hit the ribbon worm.
The ribbon worm is heavily wounded.
The ribbon worm bites you.
You die...

..##.# #..### #.##.#
#####..# # #.##.#
#..†...# # #.##.#
#.####†# #
#.####.##.####.# #.# #
#............#.####.###
#.####.#####...........
#.# #........### #@#
#.#.####.# #w# #.#.#
#.# #g# #.#.# #.#


hh5 ....# #.# #h. ..### #.# #### #### #.# ########.### ......(....# #######.##.#
You could see a ribbon worm (catching breath), Natasha, a cerulean imp
(summoned), 2 jackals and a hobgoblin.

Vanquished Creatures
  A ribbon worm (D:2)
  An endoplasm (D:2)
  2 giant cockroaches
  3 goblins (D:1)
  2 hobgoblins (D:1)
  A quokka (D:1)
  2 ball pythons (D:1)
  2 frilled lizards
  A kobold (D:1)
  3 rats (D:1)
18 creatures vanquished.

Notes
Turn   | Place    | Note
-------+----------+-------------------------------------------
     0 | D:1      | pokeman the Deep Elf Hedge Wizard began the quest for the
                  | Orb.
     0 | D:1      | Reached XP level 1. HP: 10/10 MP: 7/7
   418 | D:1      | Reached XP level 2. HP: 16/16 MP: 6/9
   840 | D:1      | Found Veotado's Weapon Emporium.
  1495 | D:2      | Noticed Natasha
  1502 | D:2      | Slain by a ribbon worm

Illustrated notes

Levels and vault maps discovered:
D:1:      matt_arrival_spirals, layout_basic, serial_shops,
          nicolae_shop_behind_doors
D:2:      layout_loops_ring, serial_shops, nicolae_shop_gibbet_a_chance,
          kennysheep_generic_room_8, uniq_natasha, uniq_jessica

Action                     || total
---------------------------++-------
  Melee: Dagger            ||     2
         Whip              ||    13
   Cast: Magic Dart        ||    44
 Armour: Robe              ||    10
  Dodge: Dodged            ||     5

Table legend: (Time is in decaauts)
 A = Elapsed time spent in this place.
 B = Non-inter-level travel time spent in this place.
 C = Inter-level travel time spent in this place.
 D = Time resting spent in this place.
 E = Time spent auto-exploring this place.
 F = Levels seen in this place.
 G = Mean time per level.
                   A        B        C        D        E       F      G
               +--------+--------+--------+--------+--------+-----+--------+
         Total |   1501 |   1465 |     36 |      0 |   1335 |   2 |  750.5 |
       Dungeon |   1501 |   1465 |     36 |      0 |   1335 |   2 |  750.5 |
               +--------+--------+--------+--------+--------+-----+--------+

Top non-repeatable levels by time:
     D:1: 1274 daAuts
     D:2: 227 daAuts
